 Dungeon Crawl Stone Soup version 0.25.1-2-g60ff931df9 (webtiles) character file.

Game seed: 11487014545949407104

225038 Exodus22XD the Crack Shot (level 18, 0/166 HPs)
             Began as a Centaur Hunter on Oct 11, 2020.
             Was the Champion of Okawaru.
             Splashed by an acid blob's acid (6 damage)
             ... on level 5 of the Pits of Slime.
             The game lasted 01:43:19 (29494 turns).

Exodus22XD the Crack Shot (Centaur Hunter)         Turns: 29494, Time: 01:43:20

Health: 0/166      AC: 17    Str: 26    XL:     18   Next: 17%
Magic:  25/26      EV: 11    Int: 14    God:    Okawaru [******]
Gold:   3568       SH:  5    Dex: 10    Spells: 17/17 levels left

rFire    + + .     SeeInvis .   J - +5 longbow (vorpal)
rCold    + . .     Gourm    .   (shield currently unavailable)
rNeg     + . .     Faith    .   j - +7 fire dragon scales of the Zebra {rPois rF++ rC- Regen+ Str+8 Dex-5}
rPois    +         Spirit   .   p - +0 helmet
rElec    +         Reflect  +   X - +0 cloak of Wrong Decisions {rElec MR+ rCorr Str-2}
rCorr    +         Harm     .   v - +2 pair of gloves of Insurance {rElec MR+ Dex+2}
MR       +++..                  N - +2 centaur barding {rC+}
Stlth    +.........             x - amulet "Kufoma" {Reflect +Blink rN+ Int+4 SH+5}
HPRegen  0.00/turn              q - +4 ring of protection
MPRegen  0.20/turn              Q - ring of protection from cold

@: heroism, finesse, corroded, slightly contaminated, hasted, very quick
A: large, hooves 3, deformed body, speed 2, low mp 1, inhibited regeneration,
tough skin 3, subdued magic 1
}: 2/15 runes: decaying, serpentine
a: Heroism, Finesse, Renounce Religion, Evoke Blink


You were on level 5 of the Pits of Slime.
You worshipped Okawaru.
Okawaru was exalted by your worship.
You were not hungry.

You visited 6 branches of the dungeon, and saw 29 of its levels.
You also visited: Ice Cave and Volcano.

You collected 5536 gold pieces.
You spent 1968 gold pieces at shops.

Inventory:

Hand Weapons
 l - a +8 spear of venom
 n - a +1 longbow of flaming
 J - a +5 vorpal longbow (weapon)
 Y - a +0 demon blade of venom
Missiles
 d - 24 arrows (quivered)
Armour
 j - the +7 fire dragon scales of the Zebra (worn) {rPois rF++ rC- Regen+ Str+8 Dex-5}
   (Okawaru gifted it to you on level 4 of the Lair of Beasts)

   It affects your strength (+8).
   It affects your dexterity (-5).
   It greatly protects you from fire.
   It makes you vulnerable to cold.
   It protects you from poison.
   It increases your rate of regeneration.
 p - a +0 helmet (worn)
 v - the +2 pair of gloves of Insurance (worn) {rElec MR+ Dex+2}
   (You found it on level 5 of the Dungeon)

   It affects your dexterity (+2).
   It insulates you from electricity.
   It affects your resistance to hostile enchantments.
 N - a +2 centaur barding of cold resistance (worn)
 S - the +1 plate armour of Divine Intervention {Dex+2, unknown}
   (You found it on level 6 of the Lair of Beasts)

   It affects your dexterity (+2).
 W - a +2 centaur barding of flying
 X - the +0 cloak of Wrong Decisions (worn) {rElec MR+ rCorr Str-2}
   (You bought it in a shop on level 4 of the Snake Pit)

   It affects your strength (-2).
   It insulates you from electricity.
   It affects your resistance to hostile enchantments.
   It provides partial protection from all sources of acid and corrosion.
Jewellery
 q - a +4 ring of protection (left hand)
 x - the amulet "Kufoma" (around neck) {Reflect +Blink rN+ Int+4 SH+5}
   (You acquired it on level 3 of the Lair of Beasts)

   [amulet of reflection]

   It shields you and reflects attacks.
   It affects your intelligence (+4).
   It protects you from negative energy.
   It lets you blink.
   It affects your SH (+5).
 A - an uncursed amulet of the acrobat
 L - an uncursed ring of protection from fire
 Q - a ring of protection from cold (right hand)
Wands
 m - a wand of digging (4)
 s - a wand of disintegration (14)
 u - a wand of polymorph (9)
 y - a wand of paralysis (25)
 D - a wand of acid (11)
 I - a wand of clouds (9)
 M - a wand of iceblast (21)
Scrolls
 c - 5 scrolls of remove curse
 g - 16 scrolls of teleportation
 k - a scroll of fog
 r - 4 scrolls of fear
 t - 7 scrolls of amnesia
 z - 4 scrolls of holy word
 B - a scroll of brand weapon
 E - 3 scrolls of magic mapping
 H - 3 scrolls of vulnerability
 K - a scroll of identify
 P - a scroll of blinking
 V - a scroll of torment
 Z - a scroll of immolation
Potions
 a - a potion of flight
 b - 2 potions of resistance
 e - 13 potions of curing
 i - 6 potions of lignification
 o - 2 potions of invisibility
 C - 3 potions of mutation
 F - 5 potions of might
 G - 2 potions of degeneration
 O - 2 potions of haste
 R - a potion of cancellation
 U - a potion of ambrosia
Miscellaneous
 T - 2 boxes of beasts
Comestibles
 f - 32 rations


   Skills:
 + Level 16.2(21.2) Fighting
 - Level 22.1(27) Bows
 * Level 12.6(17.6) Armour
 + Level 6.8(11.8) Dodging
 - Level 0.4(5.4) Stealth
 * Level 14.6 Invocations


You had 17 spell levels left.
You didn't know any spells.
Your spell library contained the following spells:

 Spells                   Type           Power        Failure   Level  Hunger
 Animate Skeleton         Necr           N/A          45%         1    ##.....
 Apportation              Tloc           #.....       45%         1    ##.....
 Beastly Appendage        Tmut           #.....       45%         1    ##.....
 Corona                   Hex            #......      45%         1    ##.....
 Sting                    Tmut/Pois      #...         45%         1    ##.....
 Summon Butterflies       Summ           #.......     45%         1    ##.....
 Summon Small Mammal      Summ           #...         45%         1    ##.....
 Poisonous Vapours        Pois/Air       #.....       58%         2    ###....
 Sticks to Snakes         Tmut           #.......     58%         2    ###....
 Call Canine Familiar     Summ           #.......     83%         3    ####...
 Ignite Poison            Fire/Tmut/Pois #.......     83%         3    ####...
 Mephitic Cloud           Conj/Pois/Air  #.......     83%         3    ####...
 Spider Form              Tmut/Pois      #.........   83%         3    ####...
 Ice Form                 Ice/Tmut       #.......     99%         4    #####..
 Olgreb's Toxic Radiance  Pois           #.......     99%         4    #####..
 Summon Ice Beast         Ice/Summ       #.......     99%         4    #####..
 Blade Hands              Tmut           #.........   100%        5    ######.
 Summon Mana Viper        Hex/Summ       #.......     100%        5    ######.
 Summon Hydra             Summ           #.........   100%        7    #######


Dungeon Overview and Level Annotations

Branches:
Dungeon (9/15)             Temple (1/1) D:4            Lair (6/6) D:8
  Swamp (4/4) Lair:4        Snake (4/4) Lair:3        Slime (5/5) Lair:6
  IceCv (visited)         Volcano (visited)
    Orc: D:9-12

Altars:
Ashenzari
Cheibriados
Dithmenos
Elyvilon
Fedhas
Gozag
Hepliaklqana
Kikubaaqudgha
Makhleb
Nemelex Xobeh
Okawaru
Qazlal
Ru
Sif Muna
Trog
Uskayaw
Vehumet
Wu Jian
Xom
Yredelemnul
Zin
The Shining One
Jiyva

Shops:
D:5 [   Snake:2 !   Snake:4 }}=*:[%(

Annotations:
Swamp:4 1 runed translucent door, lllmatko's ghost, adept HOMo
Slime:5 Royal Jelly


Innate Abilities, Weirdness & Mutations

You have hooves in place of feet.
Armour fits poorly on your strangely shaped body.
You cover ground very quickly.
You have extremely tough skin. (AC +3)
Your magical capacity is low. (-10% MP)
You do not regenerate when monsters are visible.
Your spells are a little easier to cast, but a little less powerful.


Message History

The Royal Jelly is almost dead.
The Royal Jelly shudders.
The Royal Jelly spits out another jelly.
Evoke which item? (* to show all) (? for menu, Esc to quit)
Aiming: Corrosive Bolt
Press: ? - help, Shift-Dir - straight line, f - Royal Jelly, p - acid blob
Aim: the Royal Jelly (almost dead)
The bolt of acid hits the acid blob.
The acid blob completely resists.
The acid blob is lightly wounded.
The bolt of acid hits the Royal Jelly.
The Royal Jelly completely resists.
The Royal Jelly is almost dead.
The acid blob spits acid at you.
The splash of acid hits you but does no damage.
You are splashed with acid.
You resist.
* * * LOW HITPOINT WARNING * * *
The acid blob spits acid at you. The splash of acid hits you. You resist.
* * * LOW HITPOINT WARNING * * *
You are splashed with acid.
You resist.
You die...

###.........
#...........
##...........
#............
##^...........
#.............
#####..<..........
###.................
#........@..........
####..............(...
#..................(..
. #.......J.J.......(..
...##......J.........##
#......J............#
.#....JJJ.J........#
#..................##
##..........J.....###


You could see the Royal Jelly, 2 acid blobs, 2 azure jellies, a very large slime
creature and 2 slime creatures.

Vanquished Creatures
  Vashnia (Snake:2)
  An Ice Fiend (IceCv)
  5 acid blobs
  2 thorn hunters (Swamp:4)
  Kirke (Lair:6)
  6 nagarajas
  Roxanne (Snake:2)
  4 azure jellies
  Nessos (Lair:6)
  2 death oozes (Slime:5)
  19 naga warriors
  18 hydras
  A merfolk avatar (Lair:6)
  6 shambling mangroves
  11 anacondas
  A dancing weapon (Volcano)
  2 ghost crabs (Swamp:1)
  19 alligators
  2 shock serpents
  5 death yaks (Lair:4)
  15 naga sharpshooters
  2 salamander mystics (Snake:4)
  11 naga ritualists
  11 swamp dragons
  3 sea snakes (Lair:6)
  3 spriggan druids
  5 wizards (Volcano)
  14 mana vipers
  A harpy (Lair:6)
  An oklob plant (Lair:5)
  8 salamanders
  3 shining eyes
  5 ugly things (Swamp:1)
  A manticore (Lair:6)
  5 toenail golems (Volcano)
  24 naga magi
  35 black mambas
  6 guardian serpents
  5 elephants (Lair:6)
  2 ice statues (IceCv)
  2 torpor snails
  An eye of devastation (Slime:1)
  15 spiny frogs
  3 rime drakes (Lair:6)
  11 ice devils (IceCv)
  8 komodo dragons
  Maggie (D:6)
  An anaconda simulacrum (IceCv)
  16 hornets
  3 wind drakes (Lair:6)
  3 polar bears (Lair:6)
  45 slime creatures
  12 tyrant leeches
  8 bog bodies
  7 blink frogs
  7 dream sheep (Lair:3)
  6 hippogriffs
  Sigmund (D:3)
  A wyvern (Lair:6)
  8 spriggans
  A shadow (Swamp:2)
  2 dire elephant simulacra (IceCv)
  37 yaks
  5 basilisks
  A hungry ghost (D:8)
  Menkaure (D:4)
  Eustachio (D:4)
  21 vampire mosquitoes
  2 steam dragons
  2 iron troll simulacra (IceCv)
  15 insubstantial wisps
  36 nagas
  16 swamp worms
  2 harpy simulacra (IceCv)
  Edmund (D:4)
  15 swamp drakes
  2 hydra simulacra (IceCv)
  2 sky beasts
  15 water moccasins
  12 porcupines
  An orc warrior (D:8)
  An ice beast (D:7)
  An ettin simulacrum (IceCv)
  A black bear (D:7)
  2 ogres
  2 phantoms (D:5)
  5 wolves
  3 centaurs
  23 crocodiles
  A big kobold (D:7)
  18 bullfrogs
  3 scorpions
  4 killer bees (D:7)
  5 howler monkeys
  A bullfrog zombie (D:8)
  2 crimson imps (D:5)
  3 hounds
  A centaur skeleton (D:4)
  An orc priest (D:8)
  2 jellies
  7 orc wizards
  A bullfrog skeleton (D:7)
  4 iguanas
  5 worker ants
  A worker ant zombie (D:8)
  Robin (D:3)
  10 gnolls (D:4)
  11 adders
  A shadow imp (D:5)
  5 worms
  An adder skeleton (D:8)
  4 dart slugs
  2 leopard geckos
  37 orcs
  8 bats
  3 giant cockroaches
  17 goblins
  12 hobgoblins
  7 jackals (D:5)
  3 quokkas
  2 ball pythons
  4 frilled lizards
  A jackal skeleton (D:8)
  12 kobolds
  A quokka skeleton (D:8)
  6 rats
  A plant (Lair:6)
863 creatures vanquished.

Vanquished Creatures (others)
  An alligator (Swamp:1)
  3 humans (Lair:6)
  A swamp worm (Swamp:1)
  A bush (D:8)
  8 fungi
  28 plants
42 creatures vanquished.

Grand Total: 905 creatures vanquished

Notes
Turn   | Place    | Note
-------+----------+-------------------------------------------
     0 | D:1      | Exodus22XD the Centaur Hunter began the quest for the Orb.
     0 | D:1      | Reached XP level 1. HP: 17/17 MP: 1/1
   142 | D:1      | Reached XP level 2. HP: 12/24 MP: 2/2
   417 | D:1      | Reached skill level 6 in Bows
   759 | D:2      | Reached XP level 3. HP: 25/29 MP: 3/3
  1259 | D:2      | Reached skill level 1 in Armour
  1259 | D:2      | Reached XP level 4. HP: 28/36 MP: 4/4
  1741 | D:2      | Found a sparkling altar of Nemelex Xobeh.
  1777 | D:3      | Noticed Robin
  1782 | D:3      | Noticed Sigmund
  2210 | D:3      | Killed Robin
  2249 | D:3      | Reached skill level 7 in Bows
  2298 | D:3      | Killed Sigmund
  2298 | D:3      | Reached XP level 5. HP: 26/44 MP: 5/5
  2298 | D:3      | Reached XP level 6. HP: 29/50 MP: 6/6
  2500 | D:3      | Found a burning altar of Makhleb.
  2543 | D:3      | Found an ornate altar of the Wu Jian Council.
  2732 | D:3      | Found a sacrificial altar of Ru.
  2943 | D:4      | Noticed Eustachio
  2951 | D:4      | Killed Eustachio
  2953 | D:4      | Reached XP level 7. HP: 47/57 MP: 7/7
  3022 | D:4      | Noticed Edmund
  3033 | D:4      | Killed Edmund
  3142 | D:4      | Found a staircase to the Ecumenical Temple.
  3151 | Temple   | Entered the Ecumenical Temple
  3219 | Temple   | Became a worshipper of Warmaster Okawaru
  3262 | D:4      | Noticed Menkaure
  3290 | D:4      | Killed Menkaure
  3763 | D:4      | Found a shattered altar of Ashenzari.
  3765 | D:4      | Found a hazy altar of Hepliaklqana.
  3765 | D:4      | Found a bloodstained altar of Trog.
  3767 | D:4      | Found a hide-covered altar of Uskayaw.
  3767 | D:4      | Found a snail-covered altar of Cheibriados.
  3767 | D:4      | Found a glowing silver altar of Zin.
  4198 | D:4      | Got a crude cloak
  4204 | D:4      | Identified the +0 cloak of Beyond {rPois MR- Regen+ Str-4}
                  | (You found it on level 4 of the Dungeon)
  4459 | D:5      | Entered Level 5 of the Dungeon
  4486 | D:5      | Reached skill level 5 in Armour
  4486 | D:5      | Reached XP level 8. HP: 61/66 MP: 8/8
  4508 | D:5      | Found Iniassig's Antique Armour Shoppe.
  4515 | D:5      | Reached * piety under Okawaru
  5081 | D:5      | Got a pair of faintly glowing gloves
  5087 | D:5      | Identified the +2 pair of gloves of Insurance {rElec MR+
                  | Dex+2} (You found it on level 5 of the Dungeon)
  5104 | D:5      | Reached skill level 1 in Invocations
  5120 | D:5      | You fall into a shaft and drop 3 floors!
  5381 | D:7      | Reached ** piety under Okawaru
  5385 | D:7      | Reached skill level 5 in Fighting
  5432 | D:7      | Reached XP level 9. HP: 65/74 MP: 10/10
  5549 | D:7      | Found a basalt altar of Yredelemnul.
  5662 | D:6      | Found a sparkling altar of Nemelex Xobeh.
  6190 | D:5      | Bought an ichor-stained ring mail for 288 gold pieces
  6200 | D:5      | Identified the +1 ring mail of Intercession {rPois Str+4
                  | Int+2 Dex-2} (You bought it in a shop on level 5 of the
                  | Dungeon)
  6228 | D:6      | Found a stormy altar of Qazlal.
  6448 | D:6      | Noticed Maggie
  6496 | D:6      | Killed Maggie
  6496 | D:6      | Reached *** piety under Okawaru
  6872 | D:7      | Reached skill level 8 in Bows
  7158 | D:8      | Reached **** piety under Okawaru
  7171 | D:8      | Reached XP level 10. HP: 47/84 MP: 13/13
  7214 | D:8      | Received a gift from Okawaru
  7603 | D:8      | Found a staircase to the Lair.
  7961 | D:8      | Found a shimmering blue altar of Sif Muna.
  8175 | Lair:1   | Entered Level 1 of the Lair of Beasts
  8195 | Lair:1   | Reached skill level 9 in Bows
  8196 | Lair:1   | Reached skill level 5 in Invocations
  8234 | Lair:1   | Found a dark tunnel.
  8244 | Volcano  | Entered a volcano
  8359 | Volcano  | Noticed a toenail golem
  8359 | Volcano  | Noticed a wizard
  8373 | Volcano  | Killed a wizard
  8373 | Volcano  | Received a gift from Okawaru
  8373 | Volcano  | Noticed a toenail golem
  8381 | Volcano  | Killed a toenail golem
  8391 | Volcano  | Killed a toenail golem
  8493 | Volcano  | Noticed a wizard
  8500 | Volcano  | Killed a wizard
  8500 | Volcano  | Reached ***** piety under Okawaru
  8769 | Volcano  | Noticed a wizard
  8777 | Volcano  | Killed a wizard
  8847 | Volcano  | Noticed a toenail golem
  8848 | Volcano  | Noticed a toenail golem
  8865 | Volcano  | Killed a toenail golem
  8865 | Volcano  | Received a gift from Okawaru
  8865 | Volcano  | Reached XP level 11. HP: 87/95 MP: 13/15
  8879 | Volcano  | Noticed a +0 mace of flaming
  8893 | Volcano  | Killed a +0 mace of flaming
  9021 | Volcano  | Noticed a wizard
  9021 | Volcano  | Noticed a wizard
  9044 | Volcano  | Killed a wizard
  9044 | Volcano  | Received a gift from Okawaru
  9060 | Volcano  | Killed a wizard
  9060 | Volcano  | Received a gift from Okawaru
  9493 | Lair:1   | Reached skill level 5 in Dodging
 10546 | Lair:2   | Received a gift from Okawaru
 10608 | Lair:2   | Reached skill level 10 in Bows
 10900 | Lair:2   | Received a gift from Okawaru
 11029 | Lair:2   | Reached skill level 11 in Bows
 11283 | Lair:2   | Reached XP level 12. HP: 84/105 MP: 17/17
 11963 | Lair:3   | Noticed a five-headed hydra
 12010 | Lair:3   | Killed a five-headed hydra
 12150 | Lair:3   | Reached skill level 12 in Bows
 12235 | Lair:3   | Found a staircase to the Snake Pit.
 12507 | Lair:3   | Identified a scroll of acquirement
 12538 | Lair:3   | Received a gift from Okawaru
 12554 | Lair:3   | Acquired the amulet "Kufoma" {Reflect +Blink rN+ Int+4
                  | SH+5}
 13155 | Lair:4   | Found a staircase to the Swamp.
 13176 | Lair:4   | Received a gift from Okawaru
 13369 | Lair:4   | Reached skill level 10 in Fighting
 13379 | Lair:4   | Reached skill level 13 in Bows
 13872 | Lair:4   | Noticed a death yak
 13916 | Lair:4   | Killed a death yak
 13948 | Lair:4   | Noticed a death yak
 13972 | Lair:4   | Noticed a death yak
 13976 | Lair:4   | Noticed a death yak
 13978 | Lair:4   | Noticed a death yak
 14048 | Lair:4   | Killed a death yak
 14409 | Lair:4   | Killed a death yak
 14474 | Lair:4   | Killed a death yak
 14525 | Lair:4   | Killed a death yak
 14525 | Lair:4   | Reached ****** piety under Okawaru
 14525 | Lair:4   | Reached skill level 14 in Bows
 14530 | Lair:4   | Reached XP level 13. HP: 114/114 MP: 18/20
 14909 | Lair:4   | Got pitted fire dragon scales {god gift}
 14921 | Lair:4   | Identified the +7 fire dragon scales of the Zebra {rPois
                  | rF++ rC- Regen+ Str+8 Dex-5} (Okawaru gifted it to you on
                  | level 4 of the Lair of Beasts)
 15329 | Lair:5   | You fall into a shaft and drop 1 floor!
 15329 | Lair:6   | Entered Level 6 of the Lair of Beasts
 15693 | Lair:5   | Acquired a +0 vorpal longbow
 16072 | Lair:6   | Received a gift from Okawaru
 16114 | Lair:6   | Reached skill level 10 in Armour
 16306 | Lair:6   | Reached skill level 15 in Bows
 16512 | Lair:6   | Noticed Kirke
 16532 | Lair:6   | Killed Kirke
 16538 | Lair:6   | Reached skill level 10 in Invocations
 16830 | Lair:6   | Received a gift from Okawaru
 17079 | Lair:6   | Reached skill level 16 in Bows
 17238 | Lair:6   | Got a warped short sword
 17449 | Lair:6   | Found a staircase to the Slime Pits.
 17450 | Lair:6   | Found a viscous altar of Jiyva.
 17450 | Lair:6   | Noticed Nessos
 17460 | Lair:6   | Killed Nessos
 17613 | Lair:6   | Got a brightly glowing plate armour
 17847 | Snake:1  | Entered Level 1 of the Snake Pit
 17852 | Snake:1  | Reached XP level 14. HP: 125/125 MP: 18/21
 18162 | Snake:1  | Reached skill level 17 in Bows
 18311 | Snake:1  | Received a gift from Okawaru
 18410 | Snake:1  | Found a stormy altar of Qazlal.
 18860 | Snake:1  | Received a gift from Okawaru
 19080 | Snake:2  | Received a gift from Okawaru
 19086 | Snake:2  | Reached skill level 18 in Bows
 19262 | Snake:2  | Received a gift from Okawaru
 19300 | Snake:2  | Found Qiegakaq's Distillery.
 19348 | Snake:2  | You fall into a shaft and drop 1 floor!
 19433 | Snake:3  | Reached XP level 15. HP: 87/134 MP: 23/23
 19717 | Snake:2  | Noticed Vashnia
 19747 | Snake:2  | Killed Vashnia
 19861 | Snake:2  | Received a gift from Okawaru
 20042 | Snake:2  | Acquired 3740 gold pieces
 20228 | Snake:2  | Noticed Roxanne
 20249 | Snake:2  | Killed Roxanne
 20541 | Snake:3  | Noticed a nagaraja
 20551 | Snake:3  | Killed a nagaraja
 20551 | Snake:3  | Reached skill level 19 in Bows
 20895 | Snake:3  | Noticed a nagaraja
 20906 | Snake:3  | Killed a nagaraja
 20906 | Snake:3  | Received a gift from Okawaru
 21212 | Snake:4  | Entered Level 4 of the Snake Pit
 21214 | Snake:4  | Found Vankeofu's Assorted Antiques.
 21272 | Snake:4  | Found Qyhaf's Book Shop.
 21287 | Snake:4  | Bought a heavily runed cloak for 275 gold pieces
 21298 | Snake:4  | Identified the +0 cloak of Wrong Decisions {rElec MR+ rCorr
                  | Str-2} (You bought it in a shop on level 4 of the Snake
                  | Pit)
 21299 | Snake:4  | Bought a scroll of teleportation for 87 gold pieces
 21553 | Snake:4  | Found Tetuf's Armour Emporium.
 21603 | Snake:4  | Found Palot's Weapon Boutique.
 21811 | Snake:4  | Found Tasm's Food Shop.
 22011 | Snake:4  | Received a gift from Okawaru
 22067 | Snake:4  | Noticed a nagaraja
 22104 | Snake:4  | Killed a nagaraja
 22104 | Snake:4  | Reached skill level 20 in Bows
 22123 | Snake:4  | Reached XP level 16. HP: 74/144 MP: 22/25
 22741 | Snake:4  | Received a gift from Okawaru
 22918 | Snake:4  | Got a serpentine rune of Zot
 23008 | Snake:4  | Found Lukkoyco's Gadget Emporium.
 23010 | Snake:4  | Found Jaujo's Jewellery Boutique.
 23011 | Snake:4  | Found Baofot's Gadget Emporium.
 23026 | Snake:4  | Bought a wand of digging (4) for 256 gold pieces
 23030 | Snake:4  | Bought a wand of iceblast (7) for 176 gold pieces
 23034 | Snake:4  | Bought a wand of iceblast (7) for 176 gold pieces
 23034 | Snake:4  | Bought a box of beasts for 320 gold pieces
 23094 | Snake:2  | Bought a potion of invisibility for 104 gold pieces
 23094 | Snake:2  | Bought a potion of haste for 130 gold pieces
 23094 | Snake:2  | Bought a potion of ambrosia for 104 gold pieces
 23094 | Snake:2  | Bought a potion of stabbing for 52 gold pieces
 23190 | Swamp:1  | Entered Level 1 of the Swamp
 24287 | Swamp:2  | Received a gift from Okawaru
 24499 | Swamp:2  | Reached skill level 21 in Bows
 24525 | Swamp:2  | Received a gift from Okawaru
 25475 | Swamp:3  | Reached XP level 17. HP: 110/154 MP: 20/27
 25611 | Swamp:3  | Found a frozen archway.
 25631 | IceCv    | Entered an ice cave
 25699 | IceCv    | Received a gift from Okawaru
 25981 | IceCv    | Noticed an Ice Fiend
 25990 | IceCv    | Killed an Ice Fiend
 26153 | IceCv    | Reached skill level 15 in Fighting
 26307 | IceCv    | Got a faintly glowing falchion
 26360 | Swamp:3  | Identified the cursed +3 short sword of Greed {vorpal,
                  | Str+3} (You found it on level 6 of the Lair of Beasts)
 26362 | Swamp:3  | Identified the cursed +3 falchion of the Silent Majority
                  | {elec, +Rage +Inv MR- Int+3} (You found it in an ice cave)
 27121 | Swamp:4  | Entered Level 4 of the Swamp
 27435 | Swamp:4  | Received a gift from Okawaru
 27439 | Swamp:4  | Got an ancient shortbow {god gift}
 27545 | Swamp:4  | Got a decaying rune of Zot
 27878 | Swamp:4  | Found a runed translucent door.
 28126 | Swamp:4  | Noticed lllmatko's ghost (adept HOMo)
 28214 | Swamp:4  | Identified the +4 shortbow "Jeteyss" {vorpal, rF+ rC-
                  | Int+7} (Okawaru gifted it to you on level 4 of the Swamp)
 28339 | Slime:1  | Entered Level 1 of the Pits of Slime
 28415 | Slime:1  | Reached skill level 22 in Bows
 29076 | Slime:4  | Noticed an acid blob
 29089 | Slime:4  | Killed an acid blob
 29138 | Slime:5  | Entered Level 5 of the Pits of Slime
 29142 | Slime:5  | Received a gift from Okawaru
 29142 | Slime:5  | Reached XP level 18. HP: 130/166 MP: 28/28
 29332 | Slime:5  | Found a viscous altar of Jiyva.
 29332 | Slime:5  | Noticed the Royal Jelly
 29358 | Slime:5  | Gained mutation: Your spells are a little easier to cast,
                  | but a little less powerful. [mutagenic glow]
 29419 | Slime:5  | Gained mutation: You do not regenerate when monsters are
                  | visible. [mutagenic glow]
 29478 | Slime:5  | Gained mutation: Your magical capacity is low. (-10% MP) [a
                  | shining eye]
 29481 | Slime:5  | HP: 5/166 [death ooze[the Royal Jelly] (14)]
 29494 | Slime:5  | HP: 6/166 [acid blob/splash of acid (4)]
 29494 | Slime:5  | Splashed by an acid blob's acid

Illustrated notes

Levels and vault maps discovered:
D:1:      dpeg_arrival_simpleton_b, layout_rooms, minmay_hedge_maze
D:2:      minmay_general_purpose_star, layout_basic, nemelex_lonely_heart_becter
D:3:      layout_rooms, overflow_temple_1_default,
          nicolae_ru_sacrificial_ziggurat, overflow_temple_1_default,
          first_ration, uniq_sigmund, uniq_robin
D:4:      layout_cave_pods, grunt_temple_overflow_open, temple_statues,
          uniq_edmund, uniq_eustachio, uniq_menkaure
D:5:      layout_basic, serial_shops, nicolae_shop_statue_plus
D:6:      layout_basic, grunt_qazlal_sundering, nicolae_overflow_crystal_walls,
          kennysheep_cluttered_room, uniq_maggie
D:7:      layout_basic, overflow_temple_1_default
D:8:      layout_basic, lemuel_blue_sif_altar, minmay_lair_entry_grove
D:9:      layout_rooms
Temple:   dpeg_three_leaves_temple
Lair:1:   layout_regular_city, nicolae_volcano_entry_two_sided,
          serial_bayou_shore_b
Lair:2:   layout_chaotic_city, grunt_megastairs_3
Lair:3:   layout_cave_pods, minmay_snake_entry_guardpost_small, st_stairs_4,
          beast_lair_carwin_9, lemuel_fruit_fields
Lair:4:   layout_cave_pods, minmay_swamp_entry_wisps
Lair:5:   layout_gridlike, grunt_forest_large_clearing_hut
Lair:6:   gammafunk_lair_ancient_temple, layout_big_grid, slime_altar_1,
          uniq_nessos, uniq_kirke
Swamp:1:  layout_basic_swamp, hangedman_swamp_ruin_hall
Swamp:2:  layout_basic_swamp, nicolae_swamp_little_tower
Swamp:3:  layout_basic_swamp, portal_ice_cave_entry_pillars_1,
          evilmike_swamp_ruin_rubble_1
Swamp:4:  swamp, layout_basic_swamp, ebering_ghost_reflecting_pool,
          infiniplex_staircase_pool
Snake:1:  layout_misc_corridors, basic_altar, st_stairs_9,
          nicolae_coiled_stairwell_down
Snake:2:  layout_cave_pods, serial_shops, shop, uniq_vashnia, uniq_roxanne
Snake:3:  layout_onion_interference, serial_bayou_shore_b
Snake:4:  snake_pit, layout_basic, serial_shops, nicolae_shop_crystal,
          shop_coins, shop, shop, nicolae_shop_waterfront, minmay_shop_grove
Slime:1:  layout_caves
Slime:2:  layout_caves
Slime:3:  cheibrodos_slime_lost_civilization_3, layout_caves
Slime:4:  layout_caves
Slime:5

Skill      XL: |  1  2  3  4  5  6  7  8  9 10 11 12 13 14 15 16 17 18 |
---------------+-------------------------------------------------------+-----
Bows           | 6 7 8 9 11 14 16 18 20 21 22 | 22.1
Armour         | 1 2 3 5 6 7 8 9 10 11 12 | 12.6
Dodging        | 2 3 4 5 6 |  6.8
Fighting       | 3 4 5 6 8 9 10 11 12 13 14 15 16 | 16.2
Invocations    | 2 4 6 7 9 10 11 12 13 14 | 14.6
Stealth        | |  0.4

Action                   |  1- 3 |  4- 6 |  7- 9 | 10-12 | 13-15 | 16-18 || total
-------------------------+-------+-------+-------+-------+-------+-------++-------
Melee: Short sword       |    11 |       |       |       |       |       ||    11
       Dagger            |    96 |    61 |       |       |       |       ||   157
       Kick              |    22 |    16 |    69 |    64 |     1 |     3 ||   175
       Spear             |       |    48 |   329 |   201 |    23 |     7 ||   608
 Fire: Shortbow          |       |    10 |    20 |   634 |    74 |       ||   738
       Longbow           |       |       |       |       |  1002 |  1313 ||  2315
Invok: Heroism           |       |       |       |     5 |     6 |     5 ||    16
       Finesse           |       |       |       |       |     7 |     5 ||    12
Evoke: Wand              |       |       |       |       |       |     5 ||     5
  Use: Scroll            |       |     4 |     8 |     8 |    14 |    12 ||    46
       Potion            |       |       |     1 |       |     1 |     5 ||     7
 Stab: Distracted        |       |       |     1 |       |       |       ||     1
  Eat: Chunk             |     1 |     4 |    14 |    17 |    17 |    11 ||    64
       Ration            |       |       |       |       |     1 |     2 ||     3
Armor: Leather armour    |     7 |       |       |       |       |       ||     7
       Scale mail        |    28 |    62 |   126 |       |       |       ||   216
       Ring mail         |       |       |    30 |   107 |       |       ||   137
       Fire dragon scale |       |       |       |    83 |   375 |   410 ||   868
Dodge: Dodged            |    40 |    61 |   145 |   144 |   138 |   181 ||   709
Block: Other             |       |       |       |    11 |    98 |    90 ||   199
       Reflection        |       |       |       |       |     7 |     6 ||    13
